 Dungeon Crawl Stone Soup version 0.29.1-13-g9f3cf754e1 (webtiles) character file.

Game seed: 8084415602951793430

54 Heoruswealwe the Grave Robber (level 3, -4/19 HPs)
             Began as a Deep Elf Necromancer on Feb 3, 2023.
             Killed by nerve-wracking pain
             ... invoked by an orc priest
              (11 damage)
             ... on level 3 of the Dungeon.
             The game lasted 00:09:03 (440 turns).

Heoruswealwe the Grave Robber (Deep Elf Necromancer) Turns: 440, Time: 00:09:04

Health: -4/19      AC:  2    Str:  5    XL:     3   Next: 66%
Magic:  4/10       EV: 12    Int: 21    God:
Gold:   15         SH:  0    Dex: 15    Spells: 9/10 levels left

rFire   . . .      SeeInvis .   (no weapon)
rCold   . . .      Faith    .   (no shield)
rNeg    . . .      Spirit   .   a - +0 robe
rPois   .          Reflect  .   (no helmet)
rElec   .          Harm     .   (no cloak)
rCorr   .          Rampage  .   (no gloves)
Will    .....                   (no boots)
Stlth   ++........              (no amulet)
HPRegen 0.06/turn               (no ring)
MPRegen 0.12/turn               (no ring)

@: very slightly contaminated
A: no striking features
a: no special abilities


You were on level 3 of the Dungeon.
You visited 1 branch of the dungeon, and saw 3 of its levels.

You collected 15 gold pieces.

Inventory:

Hand Weapons
 f - a +0 war axe
 g - a +0 club
 h - a +0 dagger
 j - a +0 short sword
 n - a +0 dagger
 o - a +0 club
 p - a +0 club
 q - a +0 club
 u - a +0 club
 x - a +0 whip
 z - a +0 dagger
Missiles
 b - 10 stones
 e - 3 poisoned darts
 r - 4 javelins
Armour
 a - a +0 robe (worn)
 i - a +0 leather armour
Scrolls
 d - 2 scrolls of identify {unknown}
 s - a scroll of immolation {unknown}
 t - a scroll of summoning {unknown}
 y - a scroll of enchant armour {unknown}
Potions
 c - a potion of heal wounds {unknown}
 k - a potion of brilliance {unknown}
 l - a potion of might {unknown}
 m - a potion of berserk rage {unknown}
 v - 2 potions of mutation {unknown}


   Skills:
 + Level 2.5 Dodging
 + Level 2.4 Stealth
 + Level 4.0 Spellcasting
 + Level 6.0 Necromancy


You had 9 spell levels left.
You knew the following spells:

 Your Spells              Type           Power      Damage    Failure   Level
a - Necrotise             Necr           100%       1d9       1%          1

Your spell library contained the following spells:

 Spells                   Type           Power      Damage    Failure   Level
 Vampiric Draining        Necr           29%        2d8       3%          3
 Animate Dead             Necr           29%        N/A       10%         4
 Agony                    Necr           29%        N/A       28%         5
 Tukima's Dance           Hex            4%         N/A       34%         3
 Passage of Golubria      Tloc           4%         N/A       75%         4
 Yara's Violent Unravell  Hex/Tmut       2%         3d3       97%         5


Dungeon Overview and Level Annotations

Branches:
Dungeon (3/15)

Altars:


Message History

Aim: a gnoll, wielding a +0 whip (heavily wounded, ally target, chance to affect: 88%)
The gnoll writhes in agony!
You kill the gnoll!
The dead are walking!
The rat twitches its whiskers.
The rat bites your orc skeleton.
Your Necromancy skill increases to level 6!
Casting: Necrotise (safe; 1% risk of failure)
Confirm with . or Enter, or press ? or * to list all spells.
Aiming: Necrotise (safe; 1% risk of failure)
Press: ? - help, Shift-Dir - straight line, f - orc
Aim: an orc, wielding a +0 dagger (chance to affect: 93%)
The orc writhes in agony.
Your orc skeleton hits the rat.
The orc hits your orc skeleton with a +0 whip.
Your orc skeleton is destroyed!
The orc barely misses you. The rat bites your gnoll skeleton.
The orc priest miscasts a cantrip.
Casting: Necrotise (safe; 1% risk of failure)
Confirm with . or Enter, or press ? or * to list all spells.
Aiming: Necrotise (safe; 1% risk of failure)
Press: ? - help, Shift-Dir - straight line, f/p - orc
Aim: an orc, wielding a +0 dagger (severely wounded, chance to affect: 93%)
You miscast Necrotise.
You are very lightly contaminated with residual magic.
Nothing appears to happen.
Your gnoll skeleton hits the rat.
The rat dies!
The orc barely misses you.
Casting: Necrotise (safe; 1% risk of failure)
Confirm with . or Enter, or press ? or * to list all spells.
Aiming: Necrotise (safe; 1% risk of failure)
Press: ? - help, Shift-Dir - straight line, f/p - orc
Aim: an orc, wielding a +0 dagger (severely wounded, chance to affect: 93%)
The orc writhes in agony.
You kill the orc!
The dead are walking!
Your gnoll skeleton hits the orc priest.
The orc priest calls down the wrath of Beogh upon you.
Pain shoots through your body!
Ouch! That really hurt!
You die...

...............##.......#
.
(..............##.....#.#
...............##.....#.#
............<.#########..
#.....##...o..# #..
###### ###.Z.o# ...
###.Z# ... ##)## #.@#
#....# .:.......
#..........# #...........
#........... #..........#
#..........#


You could see an orc priest (ally target), an orc (ally target), a friendly
gnoll skeleton and a friendly orc skeleton.

Vanquished Creatures
  An adder (D:3)
  A gnoll (D:3)
  A dart slug (D:1)
  4 orcs (D:3)
  An endoplasm (D:2)
  4 goblins
  A hobgoblin (D:1)
  4 kobolds
  A quokka (D:1)
  5 ball pythons
  3 frilled lizards
  3 rats (D:1)
29 creatures vanquished.

Vanquished Creatures (collateral kills)
  A giant cockroach (D:1)
  2 rats
3 creatures vanquished.

Grand Total: 32 creatures vanquished

Notes
Turn   | Place    | Note
-------+----------+-------------------------------------------
     0 | D:1      | Heoruswealwe the Deep Elf Necromancer began the quest for
                  | the Orb.
     0 | D:1      | Reached XP level 1. HP: 10/10 MP: 6/6
    18 | D:1      | Reached skill level 5 in Necromancy
    59 | D:1      | Reached XP level 2. HP: 15/15 MP: 1/8
   373 | D:3      | Reached XP level 3. HP: 19/19 MP: 3/10
   438 | D:3      | Reached skill level 6 in Necromancy
   440 | D:3      | Killed from afar by an orc priest

Illustrated notes

Levels and vault maps discovered:
D:1:      scummos_arrival_simple_crosswalls, layout_basic, minmay_pentomino_w4
D:2:      layout_loops_cross, uniq_jessica
D:3:      layout_rooms, mainiacjoe_overflow_concentric_impassable

Skill      XL: |  1  2  3 |
---------------+----------+-----
Necromancy     | 5 6 |  6.0
Spellcasting   | 4 |  4.0
Dodging        | |  2.5
Stealth        | |  2.4

Action                   || total
-------------------------++-------
 Cast: Necrotise         ||    52
  Use: Potion            ||     2
Armor: Robe              ||     1
Dodge: Dodged            ||     6
